AoeStats
← ben6496

Lombardia

508304012Analyzed
2v2 RM · 11d ago on Sep 21, 2026· 74m 53s· 4 players
Game mode
Random Map
Map size
Medium (4 player)
Population
200
Speed
Normal
Resources
Standard
Victory
Conquest
Starting age
Dark Age
Ending age
Imperial Age
RankedLock teamsTeams togetherTeam positionsShared explorationLock speedFull tech treeHidden civsTurbo modeCheats
Victory
Defeat
🇬🇧 Britons · United Kingdom
918
+13
🇬🇧 Persians · United Kingdom
769
+19
🇨🇴 Bohemians · Colombia
874
-17
🇳🇱 Persians · Netherlands
825
-15
ben6496
5:31 Loom
12:10 Feudal Age
14:53 Double-Bit Axe
15:33 Gold Mining
17:27 Wheelbarrow
18:21 Fletching
18:32 Scale Mail Armor
19:21 Horse Collar
23:03 Castle Age
21:55 Padded Archer Armor
24:31 Chain Mail Armor
23:48 Pikeman
24:16 Crossbowman
25:38 Bodkin Arrow
30:10 Arson
30:39 Forging
31:22 Ballistics
31:22 Leather Archer Armor
31:30 Bow Saw
32:19 Hand Cart
37:57 Imperial Age
37:29 Elite Skirmisher
38:01 Arbalester
38:02 Halberdier
39:48 Yeomen
42:01 Bracer
42:32 Plate Mail Armor
42:37 Iron Casting
42:56 Scale Barding Armor
43:01 Town Watch
44:02 Husbandry
44:10 Heavy Plow
44:42 Capped Ram
45:06 Cavalier
46:40 Caravan
48:06 Two-Man Saw
47:32 Chain Barding Armor
48:47 Squires
49:22 Ring Archer Armor
49:53 Blast Furnace
51:46 Warwolf
52:45 Onager
65:58 Siege Engineers
67:47 Chemistry
sheepnumber12
11:20 Feudal Age
11:53 Horse Collar
12:01 Double-Bit Axe
12:46 Loom
17:51 Wheelbarrow
20:48 Castle Age
20:31 Gold Mining
20:45 Stone Mining
21:23 Forging
21:19 Scale Barding Armor
21:31 Bloodlines
21:22 Husbandry
22:03 Bow Saw
22:16 Heavy Plow
26:52 Hand Cart
29:51 Town Watch
29:59 Fletching
30:10 Padded Archer Armor
30:46 Iron Casting
30:32 Chain Barding Armor
30:56 Gold Shaft Mining
31:31 Kamandaran
32:07 Crossbowman
36:21 Imperial Age
34:16 Bodkin Arrow
34:44 Leather Archer Armor
35:27 Ballistics
35:22 Masonry
35:08 Murder Holes
37:36 Chemistry
38:14 Conscription
40:17 Ring Archer Armor
41:57 Heavy Scorpion
43:12 Thumb Ring
43:15 Elite War Elephant
53:40 Caravan
58:10 Citadels
59:59 Cavalier
60:09 Onager
62:09 Hoardings
64:15 Blast Furnace
64:12 Plate Barding Armor
63:38 Scale Mail Armor
63:04 Savar
69:53 Pikeman
70:34 Squires
74:40 Halberdier
Alwino
2:45 Loom
10:04 Feudal Age
10:36 Double-Bit Axe
10:34 Horse Collar
10:42 Town Watch
18:58 Castle Age
23:06 Man-at-Arms
24:22 Long Swordsman
29:41 Elite Skirmisher
36:53 Imperial Age
37:05 Fletching
38:27 Town Patrol
39:06 Bodkin Arrow
39:11 Padded Archer Armor
39:17 Gold Mining
41:13 Wheelbarrow
41:16 Leather Archer Armor
42:07 Forging
42:20 Hand Cart
44:51 Chemistry
43:59 Caravan
46:15 Conscription
45:40 Cavalier
46:20 Husbandry
47:39 Heavy Plow
48:00 Bow Saw
48:24 Murder Holes
48:19 Heated Shot
49:04 Ring Archer Armor
49:09 Iron Casting
50:57 Scale Mail Armor
52:25 Conscription
52:54 Elite War Elephant
54:39 Heavy Cavalry Archer
55:45 Parthian Tactics
60:17 Thumb Ring
59:33 Crossbowman
68:53 Two-Man Saw
69:43 Blast Furnace
OMAR101226
1:12 Loom
13:10 Feudal Age
13:43 Double-Bit Axe
13:42 Horse Collar
18:50 Castle Age
19:48 Bow Saw
19:40 Pikeman
23:23 Light Cavalry
28:44 Forging
28:35 Scale Mail Armor
31:55 Imperial Age
31:40 Chemistry
31:01 Ballistics
31:49 Wheelbarrow
32:29 Squires
32:59 Arson
32:41 Halberdier
34:30 Hand Cart
35:19 Elite Hussite Wagon
35:30 Sappers
38:12 Houfnice
40:30 Iron Casting
40:10 Chain Mail Armor
40:01 Scale Barding Armor
39:46 Fletching
39:57 Padded Archer Armor
40:13 Masonry
40:00 Murder Holes
43:49 Blast Furnace
43:19 Plate Mail Armor
45:29 Wagenburg Tactics
45:29 Hussite Reforms
45:45 Conscription
46:52 Two-Man Saw
46:30 Chain Barding Armor
46:05 Bodkin Arrow
46:25 Leather Archer Armor
65:59 Husbandry
Connection lost

Rejoining the realm…

Still unreachable

The connection could not be restored.

Session expired

The server has moved on; the page needs a fresh start.